 Dungeon Crawl Stone Soup version 0.28-a0-630-g0357d9c091 (webtiles) character file.

Game seed: 15440846795734971325

3055 1994 the Jinx (level 9, -1/51 HPs)
             Began as a Vampire Enchanter on Oct 9, 2021.
             Slain by a two-headed ogre (22 damage)
             ... on level 8 of the Dungeon.
             The game lasted 00:21:59 (7414 turns).

1994 the Jinx (Vampire Enchanter)                   Turns: 7414, Time: 00:22:00

Health: -1/51      AC:  7    Str: 10    XL:     9   Next: 57%
Magic:  11/26      EV: 18    Int: 20    God:
Gold:   203        SH:  0    Dex: 21    Spells: 8/19 levels left

rFire   + . .      SeeInvis +   a - +2 dagger (drain)
rCold   + + .      Faith    .   (no shield)
rNeg    + + +      Spirit   .   D - +0 leather armour "Fuffesch" {rF+ MP+9 Str+3}
rPois   ∞          Reflect  .   E - +2 hat
rElec   .          Harm     .   w - +0 cloak
rCorr   .          Rampage  .   F - +0 pair of gloves
Will    .....                   (no boots)
Stlth   ++++++....              (no amulet)
HPRegen 0.00/turn               f - +6 ring of dexterity
MPRegen 0.20/turn               z - +4 ring of evasion

@: bloodless, inhibited regen
A: bloodless, fangs 3, see invisible, vampiric 2
a: Bat Form, Revivify


You were on level 8 of the Dungeon.
You visited 2 branches of the dungeon, and saw 9 of its levels.

You collected 237 gold pieces.
You spent 34 gold pieces at shops.

Inventory:

Hand Weapons
 a - a +2 dagger of draining (weapon)
 b - a +1 short sword of protection
Missiles
 e - 24 poisoned darts (quivered)
 g - 2 throwing nets
Armour
 w - a +0 cloak (worn)
 D - the +0 leather armour "Fuffesch" (worn) {rF+ MP+9 Str+3}
   (You found it on level 8 of the Dungeon)

   Str:       It affects your strength (+3).
   rF:        It protects you from fire.
   MP:        It affects your magic capacity (+9).
 E - a +2 hat (worn)
 F - a +0 pair of gloves (worn)
Magical Staves
 B - a staff of air
Jewellery
 f - a +6 ring of dexterity (left hand)
 y - a ring of wizardry
 z - a +4 ring of evasion (right hand)
Wands
 r - a wand of acid (10)
 A - a wand of polymorph (12)
 C - a wand of iceblast (18)
Scrolls
 h - a scroll of holy word {unknown}
 j - 2 scrolls of enchant weapon {unknown}
 l - a scroll of acquirement {unknown}
 p - a scroll of amnesia {unknown}
 s - 3 scrolls of teleportation
 u - a scroll of enchant armour {unknown}
 v - a scroll of magic mapping {unknown}
 x - 2 scrolls of blinking {unknown}
Potions
 c - a potion of invisibility
 d - 2 potions of lignification
 i - a potion of brilliance {unknown}
 k - 2 potions of attraction
 m - a potion of cancellation
 n - 4 potions of haste
 o - a potion of resistance
 q - 2 potions of berserk rage
 t - a potion of curing


   Skills:
 + Level 3.6 Fighting
 * Level 6.6 Short Blades
 + Level 5.1 Dodging
 + Level 8.1 Stealth
 * Level 5.9 Spellcasting
 - Level 1.0 Conjurations
 * Level 9.7 Hexes
 - Level 3.0 Ice Magic


You had 8 spell levels left.
You knew the following spells:

 Your Spells              Type           Power      Damage    Failure   Level
a - Ensorcelled Hibernat  Hex/Ice        62%        N/A       1%          2
b - Confusing Touch       Hex            44%        N/A       1%          3
c - Tukima's Dance        Hex            44%        N/A       1%          3
d - Dazzling Flash        Conj/Hex       54%        N/A       4%          3

Your spell library contained the following spells:

 Spells                   Type           Power      Damage    Failure   Level
 Sublimation of Blood     Necr           2%         N/A       22%         2
 Summon Mana Viper        Hex/Summ       25%        N/A       47%         5
 Summon Ice Beast         Ice/Summ       11%        N/A       61%         4
 Petrify                  Tmut/Erth      5%         N/A       82%         4
 Freezing Cloud           Conj/Ice/Air   5%         6-21      93%         5
 Irradiate                Conj/Tmut      3%         3d14      97%         5
 Simulacrum               Ice/Necr       5%         N/A       100%        6
 Monstrous Menagerie      Summ           2%         N/A       100%        7
 Polar Vortex             Ice            8%         N/A       100%        9


Dungeon Overview and Level Annotations

Branches:
Dungeon (8/15)             Temple (1/1) D:5
   Lair: D:8-11

Altars:
Ashenzari
Cheibriados
Dithmenos
Elyvilon
Fedhas
Gozag
Hepliaklqana
Kikubaaqudgha
Makhleb
Nemelex Xobeh
Okawaru
Qazlal
Ru
Sif Muna
Uskayaw
Vehumet
Xom
Yredelemnul
Zin
The Shining One

Shops:
D:1 *=   D:5 :

Annotations:
D:5 exclusion: upstairs


Innate Abilities, Weirdness & Mutations

You do not regenerate when monsters are visible.
You are frail without blood (-20% HP).
You can heal yourself when you bite living creatures.
You are immune to poison.
You have razor-sharp teeth.
You have supernaturally acute eyesight. (SInv)
You are afflicted with vampirism and can become a bat while bloodless.


Message History

The two-headed ogre hits you with a +0 giant club!
Unknown command.
Your +0 giant spiked club barely misses the two-headed ogre.
Casting: Tukima's Dance (safe; 1% risk of failure)
Confirm with . or Enter, or press ? or * to list all spells.
Aiming: Tukima's Dance (safe; 1% risk of failure)
Press: ? - help, Shift-Dir - straight line, f/p - two-headed ogre
Aim: a two-headed ogre, wielding a +0 giant club (ally target, chance to affect: 51%)
The two-headed ogre resists with significant effort.
Unknown command.
Unknown command.
Unknown command.
Casting: Tukima's Dance (safe; 1% risk of failure)
Confirm with . or Enter, or press ? or * to list all spells.
Aiming: Tukima's Dance (safe; 1% risk of failure)
Press: ? - help, Shift-Dir - straight line, f/p - two-headed ogre
Aim: a two-headed ogre, wielding a +0 giant club (ally target, chance to affect: 51%)
The two-headed ogre resists with significant effort.
The two-headed ogre barely misses you.
The two-headed ogre hits you with a +0 giant club.
Unknown command.
Casting: Tukima's Dance (safe; 1% risk of failure)
Confirm with . or Enter, or press ? or * to list all spells.
Aiming: Tukima's Dance (safe; 1% risk of failure)
Press: ? - help, Shift-Dir - straight line, f/p - two-headed ogre
Aim: a two-headed ogre, wielding a +0 giant club (ally target, chance to affect: 51%)
The two-headed ogre resists with significant effort.
The two-headed ogre closely misses you.
The two-headed ogre hits you with a +0 giant club!
Your +0 giant spiked club hits the two-headed ogre!!
Unknown command.
Casting: Tukima's Dance (safe; 1% risk of failure)
Confirm with . or Enter, or press ? or * to list all spells.
Aiming: Tukima's Dance (safe; 1% risk of failure)
Press: ? - help, Shift-Dir - straight line, f/p - two-headed ogre
Aim: a two-headed ogre, wielding a +0 giant club (heavily wounded, ally target, chance to affect: 51%)
The two-headed ogre resists with significant effort.
The two-headed ogre misses you.
The two-headed ogre hits you with a +0 giant club!!
You die...

#.# #.# #.# #. #.# ##.## #.# #.
##'## #...# #.# ##. ##...##
###.#.### #.# ##.. #.....##
#...#...# #.#####... .......##
##.#####.# #.##.##.♣♣
........####....#...####.#...#..♣
........'.......#(...............
........####....@O###........###.
.......## ##.##### #.##..#..# .
#.....## #.# #........# ♣ ......#
#.# #####.#### ###+#.# #.# #.# #
#.#.# #.#### #.# ###.#.# #....#
#># ..#.#.# ####.# #.# #.....#
#.# #.#


You could see a two-headed ogre (ally target) and a friendly +0 giant spiked
club.

Vanquished Creatures
  2 two-headed ogres
  A wyvern (D:7)
  Menkaure (D:6)
  Edmund (D:6)
  An ice beast (D:6)
  A necrophage (D:4)
  2 bullfrogs (D:7)
  A scorpion (D:6)
  A gnoll sergeant (D:6)
  8 howler monkeys
  A bullfrog zombie (D:5)
  5 hounds
  A centaur skeleton (D:7)
  3 iguanas (D:6)
  Ijyb (D:5)
  A hound zombie (D:5)
  2 howler monkey zombies
  6 gnolls
  A howler monkey skeleton (D:7)
  3 adders
  2 shadow imps
  2 white imps
  An ufetubus (D:3)
  An adder skeleton (D:4)
  A worm (D:4)
  5 dart slugs
  8 orcs
  6 ball pythons
  6 endoplasms
  4 giant cockroaches
  7 goblins
  4 hobgoblins
  5 jackals
  10 kobolds
  2 quokkas
  3 bats
  5 frilled lizards
  3 rats (D:1)
118 creatures vanquished.

Vanquished Creatures (collateral kills)
  2 ogres
  A centaur (D:6)
3 creatures vanquished.

Vanquished Creatures (others)
  4 dancing weapons
  A plant (D:1)
5 creatures vanquished.

Grand Total: 126 creatures vanquished

Notes
Turn   | Place    | Note
-------+----------+-------------------------------------------
     0 | D:1      | 1994 the Vampire Enchanter began the quest for the Orb.
     0 | D:1      | Reached XP level 1. HP: 13/13 MP: 3/3
   238 | D:1      | Reached XP level 2. HP: 15/19 MP: 5/5
   243 | D:1      | Learned a level 2 spell: Ensorcelled Hibernation
   568 | D:1      | Found Ophyz's Assorted Antiques.
   581 | D:1      | Gained mutation: You are afflicted with vampirism and can
                  | become a bat while bloodless. [Vampire growth]
   581 | D:1      | Reached XP level 3. HP: 25/25 MP: 6/6
   581 | D:1      | Found Sofy's Jewellery Shoppe.
   896 | D:1      | Learned a level 3 spell: Confusing Touch
  1041 | D:2      | Reached skill level 1 in Ice Magic
  1896 | D:1      | Bought a brown potion for 17 gold pieces
  1896 | D:1      | Bought a grey potion for 17 gold pieces
  2032 | D:3      | Reached XP level 4. HP: 31/31 MP: 7/7
  2090 | D:3      | Found a faded altar of an unknown god.
  2136 | D:3      | Reached skill level 5 in Hexes
  2275 | D:3      | Found an iron altar of Okawaru.
  2286 | D:3      | Noticed an ogre
  2292 | D:3      | Learned a level 3 spell: Tukima's Dance
  2299 | D:3      | Killed an ogre
  2300 | D:3      | Reached skill level 5 in Stealth
  2300 | D:3      | Reached XP level 5. HP: 34/36 MP: 4/9
  2890 | D:4      | Reached skill level 1 in Fighting
  3088 | D:4      | Reached XP level 6. HP: 17/43 MP: 10/10
  3624 | D:5      | Entered Level 5 of the Dungeon
  3624 | D:5      | Found Jemib's Book Boutique.
  3645 | D:5      | Found a staircase to the Ecumenical Temple.
  3659 | Temple   | Entered the Ecumenical Temple
  3896 | D:5      | Reached skill level 6 in Hexes
  3949 | D:5      | Learned a level 3 spell: Dazzling Flash
  4096 | D:5      | Noticed Ijyb
  4162 | D:5      | Killed Ijyb
  4406 | D:4      | Found a snail-covered altar of Cheibriados.
  4441 | D:5      | Reached XP level 7. HP: 48/48 MP: 12/12
  4715 | D:6      | Reached skill level 1 in Conjurations
  4906 | D:6      | Noticed Edmund
  4919 | D:6      | Killed Edmund
  5053 | D:6      | Found a basalt altar of Yredelemnul.
  5075 | D:6      | Found an ancient bone altar of Kikubaaqudgha.
  5099 | D:6      | Reached skill level 7 in Hexes
  5240 | D:6      | Reached XP level 8. HP: 55/56 MP: 11/14
  5357 | D:6      | Noticed Menkaure
  5364 | D:6      | Killed Menkaure
  6062 | D:7      | Reached skill level 5 in Short Blades
  6073 | D:7      | Reached skill level 8 in Hexes
  6288 | D:7      | Reached skill level 5 in Spellcasting
  6658 | D:7      | Identified the +5 scale mail "Mefitt" {Will+ Dex+2}
  6712 | D:8      | Noticed a two-headed ogre
  6778 | D:7      | Killed a two-headed ogre
  6779 | D:7      | Reached skill level 9 in Hexes
  6779 | D:7      | Reached XP level 9. HP: 64/64 MP: 10/17
  7003 | D:8      | Identified the +0 leather armour "Fuffesch" {rF+ MP+9
                  | Str+3}
  7062 | D:8      | Noticed a two-headed ogre
  7076 | D:8      | Killed a two-headed ogre
  7077 | D:8      | Reached skill level 5 in Dodging
  7387 | D:8      | Noticed a two-headed ogre
  7414 | D:8      | Slain by a two-headed ogre

Illustrated notes

Levels and vault maps discovered:
D:1:      dpeg_arrival_arbitrary_a, layout_loops_ring, serial_shops, shop, shop,
          serial_bayou_pond_a
D:2:      layout_basic
D:3:      layout_basic, mainiacjoe_overflow_paths, zin_statuary,
          chequers_ecumenical_altar_lobes
D:4:      layout_loops_ring, nicolae_overflow_hidden_temple, st_stairs_9
D:5:      layout_basic, minmay_temple_entry_statues_fountains, serial_shops,
          nicolae_stop_n_shop_1, minmay_misc_feat_secret_circle, uniq_ijyb
D:6:      layout_loops_corners, kiku_gazebo_pond_becter, kennysheep_little_box,
          uniq_menkaure, uniq_edmund
D:7:      layout_gridville, grunt_ministairs_13
D:8:      layout_loops_corners, amethyst_overflow_temple_binary, kb_rosetta
Temple:   dpeg_chambers_temple

Skill      XL: |  1  2  3  4  5  6  7  8  9 |
---------------+----------------------------+-----
Short Blades   | 2 3 4 6 |  6.6
Ice Magic      | 1 2 3 |  3.0
Hexes          | 5 6 7 9 |  9.7
Stealth        | 5 6 7 8 |  8.1
Fighting       | 1 2 3 |  3.6
Spellcasting   | 3 4 5 |  5.9
Dodging        | 3 4 5 |  5.1
Conjurations   | 1 |  1.0

Action                   |  1- 3 |  4- 6 |  7- 9 || total
-------------------------+-------+-------+-------++-------
Melee: Dagger            |   165 |   114 |   158 ||   437
       Bite              |     9 |    10 |    21 ||    40
       Short sword       |       |    23 |     9 ||    32
Throw: Dart              |       |       |     1 ||     1
 Cast: Ensorcelled Hiber |     7 |     8 |    21 ||    36
       Tukima's Dance    |       |     2 |    16 ||    18
       Confusing Touch   |       |     2 |     4 ||     6
 Abil: Exsanguinate      |       |       |     1 ||     1
  Use: Scroll            |     5 |     2 |     3 ||    10
 Stab: Sleeping          |    17 |    15 |    16 ||    48
       Distracted        |       |     2 |       ||     2
       Confused          |       |     2 |     6 ||     8
Armor: Robe              |    30 |    13 |    13 ||    56
       Leather armour    |       |       |     1 ||     1
Dodge: Dodged            |   107 |    92 |   111 ||   310

Table legend: (Time is in decaauts)
 A = Elapsed time spent in this place.
 B = Non-inter-level travel time spent in this place.
 C = Inter-level travel time spent in this place.
 D = Time resting spent in this place.
 E = Time spent auto-exploring this place.
 F = Levels seen in this place.
 G = Mean time per level.
                   A        B        C        D        E       F      G
               +--------+--------+--------+--------+--------+-----+--------+
         Total |   7342 |   6909 |    433 |    796 |   4310 |   9 |  815.8 |
       Dungeon |   7115 |   6704 |    411 |    796 |   4119 |   8 |  889.4 |
        Temple |    226 |    204 |     22 |      0 |    191 |   1 |  226.0 |
               +--------+--------+--------+--------+--------+-----+--------+

Top non-repeatable levels by time:
     D:6: 1183 daAuts
     D:1: 1059 daAuts
     D:7: 944 daAuts
     D:2: 905 daAuts
     D:4: 898 daAuts
     D:5: 757 daAuts
     D:3: 755 daAuts
     D:8: 611 daAuts
  Temple: 226 daAuts
